[gd_scene load_steps=8 format=2]

[ext_resource path="res://Assets/Ui/background_16x9.svg" type="Texture2D" id=1]
[ext_resource path="res://Assets/Fonts/DroidSans.ttf" type="FontFile" id=2]
[ext_resource path="res://Assets/Ui/menu_button.svg" type="Texture2D" id=3]

[sub_resource type="FontFile" id=1]
size = 18
use_filter = true
font_data = ExtResource( 2 )

[sub_resource type="FontFile" id=2]
size = 18
use_filter = true
font_data = ExtResource( 2 )

[sub_resource type="FontFile" id=3]
size = 12
use_filter = true
font_data = ExtResource( 2 )

[sub_resource type="FontFile" id=4]
size = 26
use_filter = true
font_data = ExtResource( 2 )

[node name="Character" type="Node2D"]

[node name="TextureRect" type="TextureRect" parent="."]
anchor_right = 1.0
anchor_bottom = 1.0
offset_left = 0.106262
offset_top = 1.68372
offset_right = 1366.11
offset_bottom = 769.684
texture = ExtResource( 1 )
expand = true
__meta__ = {
"_edit_use_anchors_": false
}

[node name="Character name" type="Label" parent="."]
offset_left = 343.0
offset_top = 147.0
offset_right = 605.0
offset_bottom = 169.0
custom_fonts/font = SubResource( 1 )
custom_colors/font_color = Color( 0.878431, 0.968627, 0.803922, 1 )
text = "Character name"
align = 1
__meta__ = {
"_edit_use_anchors_": false
}

[node name="Level and profession" type="Label" parent="."]
offset_left = 343.0
offset_top = 170.0
offset_right = 605.0
offset_bottom = 192.0
custom_fonts/font = SubResource( 1 )
custom_colors/font_color = Color( 0.878431, 0.968627, 0.803922, 1 )
text = "Level and profession"
align = 1
__meta__ = {
"_edit_use_anchors_": false
}

[node name="Skills_1" type="Node2D" parent="."]
position = Vector2( 0, -48 )

[node name="Hit points label" type="Label" parent="Skills_1"]
offset_left = 199.0
offset_top = 297.0
offset_right = 375.0
offset_bottom = 319.0
custom_fonts/font = SubResource( 2 )
custom_colors/font_color = Color( 0.717647, 0.341176, 0.192157, 1 )
text = "Hit points"
__meta__ = {
"_edit_use_anchors_": false
}

[node name="Hit points value" type="Label" parent="Skills_1"]
offset_left = 388.0
offset_top = 297.0
offset_right = 430.0
offset_bottom = 319.0
custom_fonts/font = SubResource( 2 )
custom_colors/font_color = Color( 0.717647, 0.341176, 0.192157, 1 )
text = "XX"
__meta__ = {
"_edit_use_anchors_": false
}

[node name="Power points label" type="Label" parent="Skills_1"]
offset_left = 199.0
offset_top = 319.0
offset_right = 375.0
offset_bottom = 341.0
custom_fonts/font = SubResource( 2 )
custom_colors/font_color = Color( 0.717647, 0.341176, 0.192157, 1 )
text = "Power points"
__meta__ = {
"_edit_use_anchors_": false
}

[node name="Power points value" type="Label" parent="Skills_1"]
offset_left = 388.0
offset_top = 319.0
offset_right = 430.0
offset_bottom = 341.0
custom_fonts/font = SubResource( 2 )
custom_colors/font_color = Color( 0.717647, 0.341176, 0.192157, 1 )
text = "XX"
__meta__ = {
"_edit_use_anchors_": false
}

[node name="Experience label" type="Label" parent="Skills_1"]
offset_left = 199.0
offset_top = 341.0
offset_right = 375.0
offset_bottom = 363.0
custom_fonts/font = SubResource( 2 )
custom_colors/font_color = Color( 0.717647, 0.341176, 0.192157, 1 )
text = "Experience"
__meta__ = {
"_edit_use_anchors_": false
}

[node name="Experience value" type="Label" parent="Skills_1"]
offset_left = 388.0
offset_top = 341.0
offset_right = 430.0
offset_bottom = 363.0
custom_fonts/font = SubResource( 2 )
custom_colors/font_color = Color( 0.717647, 0.341176, 0.192157, 1 )
text = "XX"
__meta__ = {
"_edit_use_anchors_": false
}

[node name="for 3rd label" type="Label" parent="Skills_1"]
offset_left = 199.0
offset_top = 363.0
offset_right = 375.0
offset_bottom = 385.0
custom_fonts/font = SubResource( 2 )
custom_colors/font_color = Color( 0.717647, 0.341176, 0.192157, 1 )
text = "for 3rd"
__meta__ = {
"_edit_use_anchors_": false
}

[node name="for 3rd value" type="Label" parent="Skills_1"]
offset_left = 388.0
offset_top = 363.0
offset_right = 430.0
offset_bottom = 385.0
custom_fonts/font = SubResource( 2 )
custom_colors/font_color = Color( 0.717647, 0.341176, 0.192157, 1 )
text = "XX"
__meta__ = {
"_edit_use_anchors_": false
}

[node name="Skills_2" type="Node2D" parent="."]
position = Vector2( 0, -48 )

[node name="Strength label" type="Label" parent="Skills_2"]
offset_left = 546.0
offset_top = 297.0
offset_right = 722.0
offset_bottom = 319.0
custom_fonts/font = SubResource( 2 )
custom_colors/font_color = Color( 0.717647, 0.341176, 0.192157, 1 )
text = "Strength"
__meta__ = {
"_edit_use_anchors_": false
}

[node name="Strength value" type="Label" parent="Skills_2"]
offset_left = 735.0
offset_top = 297.0
offset_right = 777.0
offset_bottom = 319.0
custom_fonts/font = SubResource( 2 )
custom_colors/font_color = Color( 0.717647, 0.341176, 0.192157, 1 )
text = "XX"
__meta__ = {
"_edit_use_anchors_": false
}

[node name="Quickness label" type="Label" parent="Skills_2"]
offset_left = 546.0
offset_top = 319.0
offset_right = 722.0
offset_bottom = 341.0
custom_fonts/font = SubResource( 2 )
custom_colors/font_color = Color( 0.717647, 0.341176, 0.192157, 1 )
text = "Quickness"
__meta__ = {
"_edit_use_anchors_": false
}

[node name="Quickness value" type="Label" parent="Skills_2"]
offset_left = 735.0
offset_top = 319.0
offset_right = 777.0
offset_bottom = 341.0
custom_fonts/font = SubResource( 2 )
custom_colors/font_color = Color( 0.717647, 0.341176, 0.192157, 1 )
text = "XX"
__meta__ = {
"_edit_use_anchors_": false
}

[node name="Agility label" type="Label" parent="Skills_2"]
offset_left = 546.0
offset_top = 341.0
offset_right = 722.0
offset_bottom = 363.0
custom_fonts/font = SubResource( 2 )
custom_colors/font_color = Color( 0.717647, 0.341176, 0.192157, 1 )
text = "Agility"
__meta__ = {
"_edit_use_anchors_": false
}

[node name="Agility value" type="Label" parent="Skills_2"]
offset_left = 735.0
offset_top = 341.0
offset_right = 777.0
offset_bottom = 363.0
custom_fonts/font = SubResource( 2 )
custom_colors/font_color = Color( 0.717647, 0.341176, 0.192157, 1 )
text = "XX"
__meta__ = {
"_edit_use_anchors_": false
}

[node name="Constitution label" type="Label" parent="Skills_2"]
offset_left = 546.0
offset_top = 363.0
offset_right = 722.0
offset_bottom = 385.0
custom_fonts/font = SubResource( 2 )
custom_colors/font_color = Color( 0.717647, 0.341176, 0.192157, 1 )
text = "Constitution"
__meta__ = {
"_edit_use_anchors_": false
}

[node name="Constitution value" type="Label" parent="Skills_2"]
offset_left = 735.0
offset_top = 363.0
offset_right = 777.0
offset_bottom = 385.0
custom_fonts/font = SubResource( 2 )
custom_colors/font_color = Color( 0.717647, 0.341176, 0.192157, 1 )
text = "XX"
__meta__ = {
"_edit_use_anchors_": false
}

[node name="Empathy label" type="Label" parent="Skills_2"]
offset_left = 546.0
offset_top = 385.0
offset_right = 722.0
offset_bottom = 407.0
custom_fonts/font = SubResource( 2 )
custom_colors/font_color = Color( 0.717647, 0.341176, 0.192157, 1 )
text = "Empathy"
__meta__ = {
"_edit_use_anchors_": false
}

[node name="Empathy value" type="Label" parent="Skills_2"]
offset_left = 735.0
offset_top = 385.0
offset_right = 777.0
offset_bottom = 407.0
custom_fonts/font = SubResource( 2 )
custom_colors/font_color = Color( 0.717647, 0.341176, 0.192157, 1 )
text = "XX"
__meta__ = {
"_edit_use_anchors_": false
}

[node name="Intuition label" type="Label" parent="Skills_2"]
offset_left = 546.0
offset_top = 407.0
offset_right = 722.0
offset_bottom = 429.0
custom_fonts/font = SubResource( 2 )
custom_colors/font_color = Color( 0.717647, 0.341176, 0.192157, 1 )
text = "Intuition"
__meta__ = {
"_edit_use_anchors_": false
}

[node name="Intuition value" type="Label" parent="Skills_2"]
offset_left = 735.0
offset_top = 407.0
offset_right = 777.0
offset_bottom = 429.0
custom_fonts/font = SubResource( 2 )
custom_colors/font_color = Color( 0.717647, 0.341176, 0.192157, 1 )
text = "XX"
__meta__ = {
"_edit_use_anchors_": false
}

[node name="Presence label" type="Label" parent="Skills_2"]
offset_left = 546.0
offset_top = 429.0
offset_right = 722.0
offset_bottom = 451.0
custom_fonts/font = SubResource( 2 )
custom_colors/font_color = Color( 0.717647, 0.341176, 0.192157, 1 )
text = "Presence"
__meta__ = {
"_edit_use_anchors_": false
}

[node name="Presence value" type="Label" parent="Skills_2"]
offset_left = 735.0
offset_top = 429.0
offset_right = 777.0
offset_bottom = 451.0
custom_fonts/font = SubResource( 2 )
custom_colors/font_color = Color( 0.717647, 0.341176, 0.192157, 1 )
text = "XX"
__meta__ = {
"_edit_use_anchors_": false
}

[node name="Spell_lists" type="Node2D" parent="."]
position = Vector2( 0, -53 )

[node name="Spell Lists" type="Label" parent="Spell_lists"]
offset_left = 85.0
offset_top = 518.0
offset_right = 225.0
offset_bottom = 540.0
custom_fonts/font = SubResource( 1 )
custom_colors/font_color = Color( 0.878431, 0.968627, 0.803922, 1 )
text = "Spell Lists"
__meta__ = {
"_edit_use_anchors_": false
}

[node name="Spell 1 label" type="Label" parent="Spell_lists"]
offset_left = 85.0
offset_top = 545.0
offset_right = 209.0
offset_bottom = 567.0
custom_fonts/font = SubResource( 2 )
custom_colors/font_color = Color( 0.717647, 0.341176, 0.192157, 1 )
text = "Spell 1"
__meta__ = {
"_edit_use_anchors_": false
}

[node name="Spell 1 value" type="Label" parent="Spell_lists"]
offset_left = 221.0
offset_top = 545.0
offset_right = 257.0
offset_bottom = 567.0
custom_fonts/font = SubResource( 2 )
custom_colors/font_color = Color( 0.717647, 0.341176, 0.192157, 1 )
text = "1st"
__meta__ = {
"_edit_use_anchors_": false
}

[node name="Spell 2 label" type="Label" parent="Spell_lists"]
offset_left = 85.0
offset_top = 567.0
offset_right = 209.0
offset_bottom = 589.0
custom_fonts/font = SubResource( 2 )
custom_colors/font_color = Color( 0.717647, 0.341176, 0.192157, 1 )
text = "Spell 2"
__meta__ = {
"_edit_use_anchors_": false
}

[node name="Spell 2 value" type="Label" parent="Spell_lists"]
offset_left = 221.0
offset_top = 567.0
offset_right = 257.0
offset_bottom = 589.0
custom_fonts/font = SubResource( 2 )
custom_colors/font_color = Color( 0.717647, 0.341176, 0.192157, 1 )
text = "1st"
__meta__ = {
"_edit_use_anchors_": false
}

[node name="Spell 3 label" type="Label" parent="Spell_lists"]
offset_left = 85.0
offset_top = 589.0
offset_right = 209.0
offset_bottom = 611.0
custom_fonts/font = SubResource( 2 )
custom_colors/font_color = Color( 0.717647, 0.341176, 0.192157, 1 )
text = "Spell 3"
__meta__ = {
"_edit_use_anchors_": false
}

[node name="Spell 3 value" type="Label" parent="Spell_lists"]
offset_left = 221.0
offset_top = 589.0
offset_right = 257.0
offset_bottom = 611.0
custom_fonts/font = SubResource( 2 )
custom_colors/font_color = Color( 0.717647, 0.341176, 0.192157, 1 )
text = "1st"
__meta__ = {
"_edit_use_anchors_": false
}

[node name="Spell 4 label" type="Label" parent="Spell_lists"]
offset_left = 85.0
offset_top = 611.0
offset_right = 209.0
offset_bottom = 633.0
custom_fonts/font = SubResource( 2 )
custom_colors/font_color = Color( 0.717647, 0.341176, 0.192157, 1 )
text = "Spell 4"
__meta__ = {
"_edit_use_anchors_": false
}

[node name="Spell 4 value" type="Label" parent="Spell_lists"]
offset_left = 221.0
offset_top = 611.0
offset_right = 257.0
offset_bottom = 633.0
custom_fonts/font = SubResource( 2 )
custom_colors/font_color = Color( 0.717647, 0.341176, 0.192157, 1 )
text = "1st"
__meta__ = {
"_edit_use_anchors_": false
}

[node name="Spell 5 label" type="Label" parent="Spell_lists"]
offset_left = 85.0
offset_top = 633.0
offset_right = 209.0
offset_bottom = 655.0
custom_fonts/font = SubResource( 2 )
custom_colors/font_color = Color( 0.717647, 0.341176, 0.192157, 1 )
text = "Spell 5"
__meta__ = {
"_edit_use_anchors_": false
}

[node name="Spell 5 value" type="Label" parent="Spell_lists"]
offset_left = 221.0
offset_top = 633.0
offset_right = 257.0
offset_bottom = 655.0
custom_fonts/font = SubResource( 2 )
custom_colors/font_color = Color( 0.717647, 0.341176, 0.192157, 1 )
text = "1st"
__meta__ = {
"_edit_use_anchors_": false
}

[node name="Spell 6 label" type="Label" parent="Spell_lists"]
offset_left = 85.0
offset_top = 655.0
offset_right = 209.0
offset_bottom = 677.0
custom_fonts/font = SubResource( 2 )
custom_colors/font_color = Color( 0.717647, 0.341176, 0.192157, 1 )
text = "Spell 6"
__meta__ = {
"_edit_use_anchors_": false
}

[node name="Spell 6 value" type="Label" parent="Spell_lists"]
offset_left = 221.0
offset_top = 655.0
offset_right = 257.0
offset_bottom = 677.0
custom_fonts/font = SubResource( 2 )
custom_colors/font_color = Color( 0.717647, 0.341176, 0.192157, 1 )
text = "1st"
__meta__ = {
"_edit_use_anchors_": false
}

[node name="Wounding_law" type="Node2D" parent="."]
position = Vector2( 228, -53 )

[node name="Wounding Law" type="Label" parent="Wounding_law"]
offset_left = 85.0
offset_top = 518.0
offset_right = 225.0
offset_bottom = 540.0
custom_fonts/font = SubResource( 1 )
custom_colors/font_color = Color( 0.878431, 0.968627, 0.803922, 1 )
text = "Wounding Law"
__meta__ = {
"_edit_use_anchors_": false
}

[node name="Spell 1 label" type="Label" parent="Wounding_law"]
offset_left = 85.0
offset_top = 545.0
offset_right = 209.0
offset_bottom = 567.0
custom_fonts/font = SubResource( 2 )
custom_colors/font_color = Color( 0.717647, 0.341176, 0.192157, 1 )
text = "Spell 1"
__meta__ = {
"_edit_use_anchors_": false
}

[node name="Spell 1 value" type="Label" parent="Wounding_law"]
offset_left = 221.0
offset_top = 545.0
offset_right = 257.0
offset_bottom = 567.0
custom_fonts/font = SubResource( 2 )
custom_colors/font_color = Color( 0.717647, 0.341176, 0.192157, 1 )
text = "1st"
__meta__ = {
"_edit_use_anchors_": false
}

[node name="Spell 2 label" type="Label" parent="Wounding_law"]
offset_left = 85.0
offset_top = 567.0
offset_right = 209.0
offset_bottom = 589.0
custom_fonts/font = SubResource( 2 )
custom_colors/font_color = Color( 0.717647, 0.341176, 0.192157, 1 )
text = "Spell 2"
__meta__ = {
"_edit_use_anchors_": false
}

[node name="Spell 2 value" type="Label" parent="Wounding_law"]
offset_left = 221.0
offset_top = 567.0
offset_right = 257.0
offset_bottom = 589.0
custom_fonts/font = SubResource( 2 )
custom_colors/font_color = Color( 0.717647, 0.341176, 0.192157, 1 )
text = "1st"
__meta__ = {
"_edit_use_anchors_": false
}

[node name="Readied_spells" type="Node2D" parent="."]
position = Vector2( 0, -53 )

[node name="Readied Spells" type="Label" parent="Readied_spells"]
offset_left = 623.0
offset_top = 518.0
offset_right = 763.0
offset_bottom = 540.0
custom_fonts/font = SubResource( 1 )
custom_colors/font_color = Color( 0.878431, 0.968627, 0.803922, 1 )
text = "Readied Spells"
__meta__ = {
"_edit_use_anchors_": false
}

[node name="Group 1" type="Node2D" parent="Readied_spells"]

[node name="Group 1" type="Label" parent="Readied_spells/Group 1"]
offset_left = 627.0
offset_top = 544.0
offset_right = 635.0
offset_bottom = 561.0
custom_fonts/font = SubResource( 3 )
custom_colors/font_color = Color( 0.878431, 0.968627, 0.803922, 1 )
text = "1"
__meta__ = {
"_edit_use_anchors_": false
}

[node name="Group 1 Spell 1" type="Label" parent="Readied_spells/Group 1"]
offset_left = 637.0
offset_top = 544.0
offset_right = 777.0
offset_bottom = 561.0
custom_fonts/font = SubResource( 3 )
custom_colors/font_color = Color( 0.878431, 0.968627, 0.803922, 1 )
text = "Spell I"
__meta__ = {
"_edit_use_anchors_": false
}

[node name="Group 1 Spell 2" type="Label" parent="Readied_spells/Group 1"]
offset_left = 637.0
offset_top = 561.0
offset_right = 777.0
offset_bottom = 578.0
custom_fonts/font = SubResource( 3 )
custom_colors/font_color = Color( 0.878431, 0.968627, 0.803922, 1 )
text = "Spell II"
__meta__ = {
"_edit_use_anchors_": false
}

[node name="Group 1 Spell 3" type="Label" parent="Readied_spells/Group 1"]
offset_left = 637.0
offset_top = 578.0
offset_right = 777.0
offset_bottom = 595.0
custom_fonts/font = SubResource( 3 )
custom_colors/font_color = Color( 0.878431, 0.968627, 0.803922, 1 )
text = "Spell III"
__meta__ = {
"_edit_use_anchors_": false
}

[node name="Group 1 Spell 4" type="Label" parent="Readied_spells/Group 1"]
offset_left = 637.0
offset_top = 595.0
offset_right = 777.0
offset_bottom = 612.0
custom_fonts/font = SubResource( 3 )
custom_colors/font_color = Color( 0.878431, 0.968627, 0.803922, 1 )
text = "Spell IV"
__meta__ = {
"_edit_use_anchors_": false
}

[node name="Group 1 Spell 5" type="Label" parent="Readied_spells/Group 1"]
offset_left = 637.0
offset_top = 612.0
offset_right = 777.0
offset_bottom = 629.0
custom_fonts/font = SubResource( 3 )
custom_colors/font_color = Color( 0.878431, 0.968627, 0.803922, 1 )
text = "Spell V"
__meta__ = {
"_edit_use_anchors_": false
}

[node name="Group 2" type="Node2D" parent="Readied_spells"]
position = Vector2( 0, 6 )

[node name="Group 2" type="Label" parent="Readied_spells/Group 2"]
offset_left = 627.0
offset_top = 629.0
offset_right = 635.0
offset_bottom = 646.0
custom_fonts/font = SubResource( 3 )
custom_colors/font_color = Color( 0.878431, 0.968627, 0.803922, 1 )
text = "2"
__meta__ = {
"_edit_use_anchors_": false
}

[node name="Group 2 Spell 1" type="Label" parent="Readied_spells/Group 2"]
offset_left = 637.0
offset_top = 629.0
offset_right = 777.0
offset_bottom = 646.0
custom_fonts/font = SubResource( 3 )
custom_colors/font_color = Color( 0.878431, 0.968627, 0.803922, 1 )
text = "<empty>"
__meta__ = {
"_edit_use_anchors_": false
}

[node name="Group 2 Spell 2" type="Label" parent="Readied_spells/Group 2"]
offset_left = 637.0
offset_top = 646.0
offset_right = 777.0
offset_bottom = 663.0
custom_fonts/font = SubResource( 3 )
custom_colors/font_color = Color( 0.878431, 0.968627, 0.803922, 1 )
text = "<empty>"
__meta__ = {
"_edit_use_anchors_": false
}

[node name="Group 2 Spell 3" type="Label" parent="Readied_spells/Group 2"]
offset_left = 637.0
offset_top = 663.0
offset_right = 777.0
offset_bottom = 680.0
custom_fonts/font = SubResource( 3 )
custom_colors/font_color = Color( 0.878431, 0.968627, 0.803922, 1 )
text = "<empty>"
__meta__ = {
"_edit_use_anchors_": false
}

[node name="Group 2 Spell 4" type="Label" parent="Readied_spells/Group 2"]
offset_left = 637.0
offset_top = 680.0
offset_right = 777.0
offset_bottom = 697.0
custom_fonts/font = SubResource( 3 )
custom_colors/font_color = Color( 0.878431, 0.968627, 0.803922, 1 )
text = "<empty>"
__meta__ = {
"_edit_use_anchors_": false
}

[node name="Group 2 Spell 5" type="Label" parent="Readied_spells/Group 2"]
offset_left = 637.0
offset_top = 697.0
offset_right = 777.0
offset_bottom = 714.0
custom_fonts/font = SubResource( 3 )
custom_colors/font_color = Color( 0.878431, 0.968627, 0.803922, 1 )
text = "<empty>"
__meta__ = {
"_edit_use_anchors_": false
}

[node name="Group 3" type="Node2D" parent="Readied_spells"]

[node name="Group 3" type="Label" parent="Readied_spells/Group 3"]
offset_left = 785.0
offset_top = 544.0
offset_right = 793.0
offset_bottom = 561.0
custom_fonts/font = SubResource( 3 )
custom_colors/font_color = Color( 0.878431, 0.968627, 0.803922, 1 )
text = "3"
__meta__ = {
"_edit_use_anchors_": false
}

[node name="Group 3 Spell 1" type="Label" parent="Readied_spells/Group 3"]
offset_left = 795.0
offset_top = 544.0
offset_right = 935.0
offset_bottom = 561.0
custom_fonts/font = SubResource( 3 )
custom_colors/font_color = Color( 0.878431, 0.968627, 0.803922, 1 )
text = "<empty>"
__meta__ = {
"_edit_use_anchors_": false
}

[node name="Group 3 Spell 2" type="Label" parent="Readied_spells/Group 3"]
offset_left = 795.0
offset_top = 561.0
offset_right = 935.0
offset_bottom = 578.0
custom_fonts/font = SubResource( 3 )
custom_colors/font_color = Color( 0.878431, 0.968627, 0.803922, 1 )
text = "<empty>"
__meta__ = {
"_edit_use_anchors_": false
}

[node name="Group 3 Spell 3" type="Label" parent="Readied_spells/Group 3"]
offset_left = 795.0
offset_top = 578.0
offset_right = 935.0
offset_bottom = 595.0
custom_fonts/font = SubResource( 3 )
custom_colors/font_color = Color( 0.878431, 0.968627, 0.803922, 1 )
text = "<empty>"
__meta__ = {
"_edit_use_anchors_": false
}

[node name="Group 3 Spell 4" type="Label" parent="Readied_spells/Group 3"]
offset_left = 795.0
offset_top = 595.0
offset_right = 935.0
offset_bottom = 612.0
custom_fonts/font = SubResource( 3 )
custom_colors/font_color = Color( 0.878431, 0.968627, 0.803922, 1 )
text = "<empty>"
__meta__ = {
"_edit_use_anchors_": false
}

[node name="Group 3 Spell 5" type="Label" parent="Readied_spells/Group 3"]
offset_left = 795.0
offset_top = 612.0
offset_right = 935.0
offset_bottom = 629.0
custom_fonts/font = SubResource( 3 )
custom_colors/font_color = Color( 0.878431, 0.968627, 0.803922, 1 )
text = "<empty>"
__meta__ = {
"_edit_use_anchors_": false
}

[node name="Group 4" type="Node2D" parent="Readied_spells"]
position = Vector2( 0, 6 )

[node name="Group 4" type="Label" parent="Readied_spells/Group 4"]
offset_left = 785.0
offset_top = 629.0
offset_right = 793.0
offset_bottom = 646.0
custom_fonts/font = SubResource( 3 )
custom_colors/font_color = Color( 0.878431, 0.968627, 0.803922, 1 )
text = "4"
__meta__ = {
"_edit_use_anchors_": false
}

[node name="Group 4 Spell 1" type="Label" parent="Readied_spells/Group 4"]
offset_left = 795.0
offset_top = 629.0
offset_right = 935.0
offset_bottom = 646.0
custom_fonts/font = SubResource( 3 )
custom_colors/font_color = Color( 0.878431, 0.968627, 0.803922, 1 )
text = "<empty>"
__meta__ = {
"_edit_use_anchors_": false
}

[node name="Group 4 Spell 2" type="Label" parent="Readied_spells/Group 4"]
offset_left = 795.0
offset_top = 646.0
offset_right = 935.0
offset_bottom = 663.0
custom_fonts/font = SubResource( 3 )
custom_colors/font_color = Color( 0.878431, 0.968627, 0.803922, 1 )
text = "<empty>"
__meta__ = {
"_edit_use_anchors_": false
}

[node name="Group 4 Spell 3" type="Label" parent="Readied_spells/Group 4"]
offset_left = 795.0
offset_top = 663.0
offset_right = 935.0
offset_bottom = 680.0
custom_fonts/font = SubResource( 3 )
custom_colors/font_color = Color( 0.878431, 0.968627, 0.803922, 1 )
text = "<empty>"
__meta__ = {
"_edit_use_anchors_": false
}

[node name="Group 4 Spell 4" type="Label" parent="Readied_spells/Group 4"]
offset_left = 795.0
offset_top = 680.0
offset_right = 935.0
offset_bottom = 697.0
custom_fonts/font = SubResource( 3 )
custom_colors/font_color = Color( 0.878431, 0.968627, 0.803922, 1 )
text = "<empty>"
__meta__ = {
"_edit_use_anchors_": false
}

[node name="Group 4 Spell 5" type="Label" parent="Readied_spells/Group 4"]
offset_left = 795.0
offset_top = 697.0
offset_right = 935.0
offset_bottom = 714.0
custom_fonts/font = SubResource( 3 )
custom_colors/font_color = Color( 0.878431, 0.968627, 0.803922, 1 )
text = "<empty>"
__meta__ = {
"_edit_use_anchors_": false
}

[node name="Button Exit" type="TextureButton" parent="."]
offset_left = 132.142
offset_top = 679.59
offset_right = 260.142
offset_bottom = 743.59
texture_normal = ExtResource( 3 )
__meta__ = {
"_edit_use_anchors_": false
}

[node name="Label" type="Label" parent="Button Exit"]
anchor_right = 1.0
anchor_bottom = 1.0
custom_fonts/font = SubResource( 4 )
custom_colors/font_color = Color( 0.258824, 0.87451, 0.658824, 1 )
text = "Exit"
align = 1
valign = 1

[node name="Button Save" type="TextureButton" parent="."]
offset_left = 319.142
offset_top = 679.59
offset_right = 447.142
offset_bottom = 743.59
texture_normal = ExtResource( 3 )
__meta__ = {
"_edit_use_anchors_": false
}

[node name="Label" type="Label" parent="Button Save"]
anchor_right = 1.0
anchor_bottom = 1.0
custom_fonts/font = SubResource( 4 )
custom_colors/font_color = Color( 1, 0.807843, 0.294118, 1 )
text = "Save"
align = 1
valign = 1
__meta__ = {
"_edit_use_anchors_": false
}
